 Dungeon Crawl Stone Soup version 0.26-a0-651-gb41185065b (webtiles) character file.

Game seed: 7607091664148663249

1022 Lavandula the Magician (level 8, 52/52 HPs)
             Began as a Human Venom Mage on Sept 29, 2020.
             Quit the game in the Ecumenical Temple.
             The game lasted 00:18:37 (5809 turns).

Lavandula the Magician (Human Venom Mage)           Turns: 5809, Time: 00:18:38

Health: 52/52      AC:  4    Str:  8    XL:     8   Next: 46%
Magic:  17/17      EV: 13    Int: 19    God:
Gold:   286        SH:  0    Dex: 19    Spells: 7/20 levels left

rFire    + . .     SeeInvis .   s - staff of air
rCold    x . .     Faith    .   (no shield)
rNeg     . . .     Spirit   .   a - +0 robe
rPois    .         Reflect  .   l - +0 helmet
rElec    +         Harm     .   (no cloak)
rCorr    .         Rampage  .   (no gloves)
MR       .....                  I - +0 pair of boots
Stlth    ++........             (no amulet)
HPRegen  0.17/turn              w - +6 ring of dexterity
MPRegen  0.15/turn              y - ring of fire

@: no status effects
A: no striking features
a: no special abilities


You were in the Ecumenical Temple.
You visited 2 branches of the dungeon, and saw 7 of its levels.

You collected 286 gold pieces.

Inventory:

Hand Weapons
 i - a +0 short sword
 B - a +0 spear
Armour
 a - a +0 robe (worn)
 l - a +0 helmet (worn)
 m - a +0 buckler
 E - a +2 ring mail of fire resistance
 I - a +0 pair of boots (worn)
Magical Staves
 s - an uncursed staff of air (weapon)
Jewellery
 w - a +6 ring of dexterity (left hand)
 x - an uncursed ring of see invisible
 y - a ring of fire (right hand)
Wands
 u - a wand of enslavement (12)
 F - a wand of acid (8)
 G - a wand of disintegration (8)
Scrolls
 e - 7 scrolls of teleportation {unknown}
 f - a scroll of immolation {unknown}
 j - 5 scrolls of identify {unknown}
 n - 3 scrolls of enchant armour {unknown}
 r - 5 scrolls of enchant weapon {unknown}
 t - a scroll of magic mapping {unknown}
 z - 2 scrolls of remove curse {unknown}
 A - a scroll of noise {unknown}
 D - 3 scrolls of amnesia {unknown}
Potions
 b - 4 potions of might {unknown}
 c - 2 potions of stabbing {unknown}
 d - 3 potions of mutation {unknown}
 g - 3 potions of lignification {unknown}
 h - 5 potions of curing
 k - a potion of flight {unknown}
 o - a potion of haste {unknown}
 p - 4 potions of heal wounds {unknown}
 q - a potion of berserk rage {unknown}
 v - 2 potions of degeneration {unknown}
 C - a potion of ambrosia {unknown}
 K - a potion of magic {unknown}


   Skills:
 - Level 3.4 Staves
 - Level 2.0 Dodging
 - Level 2.0 Stealth
 + Level 6.5 Spellcasting
 - Level 1.0 Transmutations
 - Level 6.0 Poison Magic


You had 7 spell levels left.
You knew the following spells:

 Your Spells              Type           Power        Failure   Level
a - Sting                 Tmut/Pois      ###.         2%          1
b - Poisonous Vapours     Pois/Air       ####..       4%          2
c - Mephitic Cloud        Conj/Pois/Air  ###.....     14%         3
d - Olgreb's Toxic Radia  Pois           ####....     9%          4
e - Ignite Poison         Fire/Tmut/Pois ###.....     12%         3

Your spell library contained the following spells:

 Spells                   Type           Power        Failure   Level
 Summon Small Mammal      Summ           #...         11%         1
 Call Imp                 Summ           #.......     16%         2
 Call Canine Familiar     Summ           #.......     32%         3
 Confusing Touch          Hex            #.......     32%         3
 Gell's Gravitas          Tloc           #.........   32%         3
 Summon Guardian Golem    Hex/Summ       #.......     32%         3
 Petrify                  Tmut/Erth      #.......     65%         4
 Summon Ice Beast         Ice/Summ       #.......     71%         4
 Summon Lightning Spire   Summ/Air       #.......     71%         4
 Yara's Violent Unravell  Hex/Tmut       #.........   94%         5
 Metabolic Englaciation   Hex/Ice        #.........   96%         5


Dungeon Overview and Level Annotations

Branches:
Dungeon (6/15)             Temple (1/1) D:6

Altars:
Dithmenos
Kikubaaqudgha
Makhleb
Qazlal
The Shining One


Message History

Unknown command.
You now have 286 gold pieces (gained 10).
There is a staircase to the Ecumenical Temple here.
You climb downwards.
Welcome to the Ecumenical Temple!
There is a staircase back to the Dungeon here.
Magic restored.
HP restored.
You open the door.
There is an open door here.
There is an open door here.
You open the door.
Found a stormy altar of Qazlal and a glowing golden altar of the Shining One.
There is an open door here.
Found an ancient bone altar of Kikubaaqudgha.
Found a burning altar of Makhleb.
Are you sure you want to abandon this character and quit the game? (Confirm with "yes".)
Okay, then.
Unknown command.
Enter note: used dagger Are you sure you want to abandon this character and quit the game? (Confirm with "yes".)

##.. #..# #..#
#..# ###### #..#
###.....#
#..###....._..
#..##.........
#..##.@_..⌠.._
##..#......... ###
#..'#..._....
###..
##..###.....#
##.... #..##
###### #.....
##..## #.....
##..### #.....
##...#### ##....
##.....#########..


There were no monsters in sight!

Vanquished Creatures
  An orc warrior (D:3)
  A sky beast (D:5)
  An ogre (D:4)
  A gnoll sergeant (D:5)
  A scorpion (D:4)
  2 hounds
  3 orc priests (D:5)
  2 bullfrog skeletons
  4 orc wizards (D:5)
  2 worker ants (D:5)
  A hound skeleton (D:5)
  A worker ant zombie (D:5)
  6 adders
  7 gnolls (D:5)
  A shadow imp (D:5)
  An ufetubus (D:6)
  2 worms
  2 dart slugs (D:1)
  3 leopard geckos
  24 orcs
  A ball python (D:4)
  6 bats
  6 giant cockroaches
  4 hobgoblins
  3 jackals (D:2)
  A quokka (D:4)
  4 frilled lizards
  6 goblins
  A jackal zombie (D:5)
  6 kobolds
  A leopard gecko skeleton (D:5)
  8 rats
113 creatures vanquished.

Notes
Turn   | Place    | Note
-------+----------+-------------------------------------------
     0 | D:1      | Lavandula the Human Venom Mage began the quest for the Orb.
     0 | D:1      | Reached XP level 1. HP: 13/13 MP: 3/3
   282 | D:1      | Reached XP level 2. HP: 19/19 MP: 2/5
   290 | D:1      | Learned a level 2 spell: Poisonous Vapours
   971 | D:1      | Reached XP level 3. HP: 24/24 MP: 4/6
  1063 | D:1      | Learned a level 3 spell: Mephitic Cloud
  1455 | D:2      | Reached XP level 4. HP: 29/30 MP: 4/7
  2406 | D:3      | Found a shadowy altar of Dithmenos.
  2612 | D:3      | Found a faded altar of an unknown god.
  2909 | D:3      | Reached skill level 1 in Staves
  2926 | D:3      | Reached XP level 5. HP: 28/35 MP: 0/8
  3159 | D:3      | Noticed an orc warrior
  3192 | D:3      | Killed an orc warrior
  3192 | D:3      | Reached XP level 6. HP: 15/41 MP: 1/9
  3276 | D:3      | Learned a level 4 spell: Olgreb's Toxic Radiance
  3896 | D:4      | Noticed an ogre
  3904 | D:4      | Killed an ogre
  3904 | D:4      | Reached skill level 5 in Poison Magic
  4010 | D:4      | Reached XP level 7. HP: 41/46 MP: 1/10
  4542 | D:5      | Entered Level 5 of the Dungeon
  4817 | D:5      | Learned a level 3 spell: Ignite Poison
  5081 | D:5      | Reached skill level 5 in Spellcasting
  5084 | D:5      | Reached XP level 8. HP: 46/52 MP: 3/15
  5652 | D:6      | Found a staircase to the Ecumenical Temple.
  5685 | Temple   | Entered the Ecumenical Temple
  5809 | Temple   | used dagger
  5809 | Temple   | Quit the game

Illustrated notes

##.. #..# #..#
#..# ###### #..#
###.....#
#..###....._..
#..##.........
#..##.@_..⌠.._
##..#......... ###
#..'#..._....
###..
##..###.....#
##.... #..##
###### #.....
##..## #.....
##..### #.....
##...#### ##....
##.....#########..


Turn 5809 on Temple: used dagger

Levels and vault maps discovered:
D:1:      minmay_arrival_four_circles, layout_loops_corners
D:2:      layout_basic, serial_rivers, chequers_serial_rivers_small_3,
          chequers_serial_rivers_micro_c, chequers_serial_rivers_micro_b,
          chequers_serial_rivers_micro_a, chequers_serial_rivers_micro_a
D:3:      layout_basic, lemuel_round_altar, chequers_ecumenical_altar_island
D:4:      layout_cave_pools, serial_glass, glass_columns_b, glass_columns_a
D:5:      layout_loops_ring, minmay_fractal_squares_gapless_5
D:6:      layout_gridville, minmay_temple_entry_wispy, cheibrodos_worm_habitat
Temple:   dpeg_five_rooms_temple

Skill      XL: |  1  2  3  4  5  6  7  8 |
---------------+-------------------------+-----
Poison Magic   | 4 5 6 |  6.0
Staves         | 1 3 |  3.4
Spellcasting   | 5 6 |  6.5
Dodging        | |  2.0
Stealth        | |  2.0
Transmutations | |  1.0

Action                   |  1- 3 |  4- 6 |  7- 9 || total
-------------------------+-------+-------+-------++-------
Melee: Unarmed           |     2 |       |       ||     2
       Short sword       |     4 |     9 |       ||    13
       Staff             |       |    33 |    90 ||   123
       Dagger            |       |       |     1 ||     1
 Cast: Sting             |    44 |    22 |    24 ||    90
       Poisonous Vapours |     3 |    29 |    15 ||    47
       Olgreb's Toxic Ra |       |       |    10 ||    10
       Mephitic Cloud    |       |       |     4 ||     4
       Ignite Poison     |       |       |     2 ||     2
 Stab: Sleeping          |       |     2 |     4 ||     6
Armor: Robe              |     5 |     6 |    21 ||    32
Dodge: Dodged            |    20 |    32 |    82 ||   134

Table legend: (Time is in decaauts)
 A = Elapsed time spent in this place.
 B = Non-inter-level travel time spent in this place.
 C = Inter-level travel time spent in this place.
 D = Time resting spent in this place.
 E = Time spent auto-exploring this place.
 F = Levels seen in this place.
 G = Mean time per level.
                   A        B        C        D        E       F      G
               +--------+--------+--------+--------+--------+-----+--------+
         Total |   5820 |   5583 |    237 |    808 |   3288 |   7 |  831.4 |
       Dungeon |   5697 |   5460 |    237 |    808 |   3165 |   6 |  949.5 |
        Temple |    123 |    123 |      0 |      0 |    123 |   1 |  123.0 |
               +--------+--------+--------+--------+--------+-----+--------+

Top non-repeatable levels by time:
     D:3: 1670 daAuts
     D:1: 1256 daAuts
     D:2: 980 daAuts
     D:5: 976 daAuts
     D:4: 651 daAuts
     D:6: 161 daAuts
  Temple: 123 daAuts
